 Dungeon Crawl Stone Soup version 0.31-a0-858-g469dc525a8 (webtiles) character file.

Game seed: 15419347158151193567

37 BinkBink the Changeling (level 3, -3/27 HPs)
             Began as a Merfolk Shapeshifter on Oct 9, 2023.
             Slain by a worm (11 damage)
             ... on level 2 of the Dungeon.
             The game lasted 00:01:11 (814 turns).

BinkBink the Changeling (Merfolk Shapeshifter)       Turns: 814, Time: 00:01:12

Health: -3/27      AC:  2    Str: 16    XL:     3   Next: 39%
Magic:  3/3        EV: 13    Int:  9    God:
Gold:   31         SH:  0    Dex: 13    Spells: 2/2 levels left

rFire   . .          .
                       - Unarmed
rCold   . . .        (no shield)
rNeg    . . .        a - +0 animal skin
rPois   .            (helmet currently unavailable)
rElec   .            (cloak currently unavailable)
rCorr   .            (gloves currently unavailable)
SInv    .            (boots currently unavailable)
Will    .....        (no amulet)
Stlth   +            (no ring)
HPRegen 0.24/turn    (no ring)
MPRegen 0.08/turn

%: no passive effects
@: beast-form
A: beast (slay +2), (nimble swimmer 2), mertail
a: Begin Untransformation


You were on level 2 of the Dungeon.
You were a hulking beast.
You visited 1 branch of the dungeon, and saw 2 of its levels.

You collected 31 gold pieces.

Inventory:

Armour
 a - a +0 animal skin (worn)
Jewellery
 i - an amulet of magic regeneration
Talismans
 c - a beast talisman (active)
 d - a flux talisman
Scrolls
 e - a scroll of identify {unknown}
 f - a scroll of fear {unknown}
 h - a scroll of teleportation {unknown}
Potions
 b - a potion of lignification
 g - a potion of mutation {unknown}


   Skills:
 + Level 2.0 Fighting
 + Level 3.3 Dodging
 + Level 3.6 Unarmed Combat
 + Level 4.4 Shapeshifting


You had 2 spell levels left.
You didn't know any spells.
Your spell library was empty.

Dungeon Overview and Level Annotations

Branches:
Dungeon (1/15)

Altars:

Shops:
D:1 :


Innate Abilities, Weirdness & Mutations

You are a hulking beast.
Your limbs bulge with bestial killing power. (Slay +2)
((You are very nimble when in or above water. (Stealth+, EV+, Speed+++)))
Your lower body shifts to a powerful aquatic tail in water.


Message History

A hobgoblin and an endoplasm come into view.
Found a book of Flames.
The hobgoblin shouts!
The endoplasm quivers.
The endoplasm misses you.
You hit the worm.
The worm is moderately wounded.
The hobgoblin shouts!
A ball python comes into view.
The endoplasm closely misses you.
The ball python hisses angrily.
You punch the worm!
The worm is almost dead.
The endoplasm freezes you.
You are frozen.
The worm bites you!
You are too injured to fight recklessly!
You are too injured to fight recklessly!
The endoplasm attacks as it pursues you!
The endoplasm misses you.
You hit the endoplasm but do no damage. The endoplasm closely misses you.
You barely miss the endoplasm. The endoplasm barely misses you.
You hit the endoplasm.
The endoplasm is severely wounded.
The endoplasm hits you.
You hit the endoplasm.
You kill the endoplasm!
You see here 7 gold pieces.
The hobgoblin barely misses you.
You barely miss the hobgoblin. The hobgoblin misses you.
You closely miss the hobgoblin. The hobgoblin hits you.
You punch the hobgoblin!
You kill the hobgoblin!
Your Fighting skill increases to level 2!
You closely miss the ball python. The ball python bites you.
* * * LOW HITPOINT WARNING * * *
The ball python grabs you. The ball python constricts you.
You punch the ball python!
You kill the ball python!
The worm bites you!
You die...

..:### #. .
#...#... # #....
#.g$.. .# ..#.
#)8S# .#
...##..)..##..#
#.#...#...#.$#
#.... #.....#
#..#####g$#.##.
#....$.hw.......
#†....#####.####
#.#...# #
##########.###....
...........# #####
############


You could see a worm and a hobgoblin.

Vanquished Creatures
  A gnoll (D:1)
  A dart slug (D:1)
  3 endoplasms
  A giant cockroach (D:1)
  2 goblins (D:1)
  2 hobgoblins
  6 ball pythons
  4 bats (D:1)
  A frilled lizard (D:1)
  A kobold (D:1)
  3 rats
25 creatures vanquished.

Notes
Turn   | Place    | Note
-------+----------+-------------------------------------------
     0 | D:1      | BinkBink the Merfolk Shapeshifter began the quest for the
                  | Orb.
     0 | D:1      | Reached XP level 1. HP: 15/15 MP: 1/1
   124 | D:1      | Reached XP level 2. HP: 21/21 MP: 2/2
   615 | D:1      | Reached XP level 3. HP: 13/27 MP: 3/3
   688 | D:1      | Found Zotona Ufrey's Book Emporium.
   779 | D:1      | You fall into a shaft and drop 1 floor!
   814 | D:2      | Slain by a worm

Illustrated notes

Levels and vault maps discovered:
D:1:      dpeg_arrival_central, layout_basic, serial_shops,
          nicolae_shop_advertising_works [nicolae_subvault_shop_adworks],
          dreamdust_ecumenical_altar_angels_and_demons, serial_bayou_pond_b,
          nicolae_grassy_gnolls
D:2:      layout_loops_ring, minmay_circle_x, uniq_sigmund

Skill      XL: |  1  2  3 |
---------------+----------+-----
Dodging        | 3 |  3.3
Fighting       | 2 |  2.0
Unarmed Combat | |  3.6
Shapeshifting  | |  4.4

Action                     || total
---------------------------++-------
  Melee: Unarmed           ||    68
   Stab: Sleeping          ||     4
 Armour: Animal skin       ||    29
  Dodge: Dodged            ||    31

Table legend: (Time is in decaauts)
 A = Elapsed time spent in this place.
 B = Non-inter-level travel time spent in this place.
 C = Inter-level travel time spent in this place.
 D = Time resting spent in this place.
 E = Time spent auto-exploring this place.
 F = Levels seen in this place.
 G = Mean time per level.
                   A        B        C        D        E       F      G
               +--------+--------+--------+--------+--------+-----+--------+
         Total |    802 |    802 |      0 |      0 |    645 |   2 |  401.0 |
       Dungeon |    802 |    802 |      0 |      0 |    645 |   2 |  401.0 |
               +--------+--------+--------+--------+--------+-----+--------+

Top non-repeatable levels by time:
     D:1: 768 daAuts
     D:2: 33 daAuts
